 Dungeon Crawl Stone Soup version 0.31-a0-1598-g94871bc2e8 (webtiles) character file.

Game seed: 10719410131207504374

111 mopl the Insei (level 4, -4/29 HPs)
             Began as an Octopode Shapeshifter on Jan 7, 2024.
             Slain by a river rat (8 damage)
             ... on level 3 of the Dungeon.
             The game lasted 00:02:54 (1564 turns).

mopl the Insei (Octopode Shapeshifter)              Turns: 1564, Time: 00:02:54

Health: -4/29      AC:  1    Str: 13    XL:     4   Next: 92%
Magic:  4/4        EV: 13    Int: 12    God:
Gold:   151        SH:  0    Dex: 13    Spells: 3/3 levels left

rFire   . .          .
                       - Unarmed
rCold   . . .        (no shield)
rNeg    . . .        (helmet currently unavailable)
rPois   .            (no amulet)
rElec   .            (no ring)
rCorr   .            (no ring)
SInv    .            (no ring)
Will    .....        (no ring)
Stlth   ++           (no ring)
HPRegen 0.24/turn    (no ring)
MPRegen 0.09/turn    (no ring)
                     (no ring)

%: no passive effects
@: beast-form
A: beast (slay +2), almost no armour, amphibious, 8 rings, camouflage 1,
gelatinous body 1, (nimble swimmer 1), tentacles
a: Begin Untransformation


You were on level 3 of the Dungeon.
You were a hulking beast.
You visited 1 branch of the dungeon, and saw 3 of its levels.

You collected 151 gold pieces.

Inventory:

Hand Weapons
 m - a +0 trident of flaming
Missiles
 h - 3 poisoned darts
 k - 5 boomerangs
Talismans
 b - a beast talisman
 c - a flux talisman
Scrolls
 d - 2 scrolls of identify {unknown}
 f - 3 scrolls of fear {unknown}
 j - a scroll of fog {unknown}
Potions
 a - a potion of lignification {!q}
 e - 2 potions of enlightenment {unknown}
 g - 2 potions of curing {unknown}
 i - 2 potions of mutation {unknown}
 l - a potion of ambrosia {unknown}
 n - a potion of invisibility {unknown}
 o - a potion of degeneration {unknown}


   Skills:
 + Level 1.9 Fighting
 + Level 2.6 Dodging
 * Level 3.9 Unarmed Combat
 * Level 3.8 Shapeshifting


You had 3 spell levels left.
You didn't know any spells.
Your spell library contained the following spells:

 Spells                   Type           Power      Damage    Failure   Level
 Dazzling Flash           Conj/Hex       0%         N/A       69%         3
 Gell's Gravitas          Tloc           0%         N/A       69%         3
 Mephitic Cloud           Conj/Alch/Air  0%         N/A       69%         3
 Teleport Other           Tloc           0%         N/A       69%         3
 Curse of Agony           Necr           0%         N/A       100%        5
 Silence                  Hex/Air        0%         N/A       100%        5
 Dispersal                Tloc           0%         N/A       100%        6


Dungeon Overview and Level Annotations

Branches:
Dungeon (3/15)

Altars:
Elyvilon
Okawaru
Wu Jian
Xom

Portals:
Sewer: D:3


Innate Abilities, Weirdness & Mutations

You are a hulking beast.
Your limbs bulge with bestial killing power. (Slay +2)
You cannot wear most types of armour.
You are amphibious.
You can wear up to eight rings at the same time.
Your skin changes colour to match your surroundings (Stealth+).
Your rubbery body absorbs attacks. (AC +1, EV +1)
((You are camouflaged when in or above water. (Stealth+)))
You have tentacles for arms and can constrict up to eight enemies at once.


Message History

a +0 halberd; a gnoll corpse You tentacle-slap the gnoll.
You grab the gnoll.
The gnoll is moderately wounded.
You constrict the gnoll. The gnoll hits you with a +0 spear.
* * * LOW HITPOINT WARNING * * *
You bludgeon the gnoll!
You kill the gnoll!
Things that are here:
a +0 spear; a gnoll corpse
Things that are here:
a +0 halberd; a gnoll corpse A giant cockroach comes into view.
Found a stone staircase leading up.
A rat comes into view.
A rat comes into view.
Found a glowing drain.
You hear the rusting of a drain very nearby.
The rat squeaks loudly.
A river rat comes into view.
You tentacle-slap the giant cockroach. You grab the giant cockroach.
The giant cockroach is heavily wounded.
You constrict the giant cockroach. The giant cockroach bites you.
* * * LOW HITPOINT WARNING * * *
You tentacle-slap the giant cockroach. You squeeze the giant cockroach.
You kill the giant cockroach!
You tentacle-slap the rat.
You kill the rat!
Things that are here:
a rat corpse; a giant cockroach corpse The river rat attacks as it pursues you!
The river rat closely misses you.
You tentacle-slap the river rat. You grab the river rat.
The river rat is heavily wounded.
You constrict the river rat. The river rat bites you.
* * * LOW HITPOINT WARNING * * *
You tentacle-slap the river rat but do no damage.
Your squeeze misses the river rat.
The river rat is severely wounded.
You constrict the river rat. The river rat bites you!
You die...

##+## #.....#
##...## #.###.#
#.....## ##.###.#
.......## ##....#.#
........####...#.#.#
........+<.........#
........# ##.....###
.......## #.###.#
#.....## #h# ##g..##
#r# ##'## #....r#
#.# ###.... #.#
#..~~~ #.# ..~~~~#
.g. #..~~~~# ...
#.~~~~∩# #.g.#
#.######


You could see a river rat and a rat.

Vanquished Creatures
  2 gnolls (D:3)
  An adder (D:3)
  3 dart slugs
  2 ribbon worms
  An orc (D:3)
  4 endoplasms
  2 giant cockroaches
  8 goblins
  7 hobgoblins
  8 jackals
  4 quokkas
  7 ball pythons
  6 bats
  2 frilled lizards
  4 kobolds
  5 rats
66 creatures vanquished.

Notes
Turn   | Place    | Note
-------+----------+-------------------------------------------
     0 | D:1      | mopl the Octopode Shapeshifter began the quest for the Orb.
     0 | D:1      | Reached XP level 1. HP: 13/13 MP: 1/1
    90 | D:1      | Reached XP level 2. HP: 18/18 MP: 2/2
   400 | D:1      | Reached XP level 3. HP: 21/23 MP: 3/3
   787 | D:2      | Reached XP level 4. HP: 28/28 MP: 4/4
   889 | D:2      | Found a shimmering altar of Xom.
  1312 | D:3      | Identified the +1 flail "Kiahovoh" {flame, Int+2}
  1315 | D:3      | Found a white marble altar of Elyvilon.
  1343 | D:3      | Found an iron altar of Okawaru.
  1359 | D:3      | Found an ornate altar of the Wu Jian Council.
  1554 | D:3      | Found a glowing drain.
  1564 | D:3      | Slain by a river rat

Illustrated notes

Levels and vault maps discovered:
D:1:      lightli_arrival_noodles, layout_basic, serial_corexii_hall,
          chequers_hall_statues_wall_a, corexii_hall_statues_x
D:2:      layout_loops_ring, basic_altar
D:3:      layout_loops_corners, pdpol_wu_jian_five_deadly_venoms,
          elyvilon_altar_1, mainiacjoe_overflow_boulevard, portal_sewer_entry_b

Action                     |  1- 3 |  4- 6 || total
---------------------------+-------+-------++-------
  Melee: Unarmed           |    74 |    42 ||   116
         Constrict         |    19 |    13 ||    32
         Tentacles         |    15 |     7 ||    22
         Punch             |     5 |       ||     5
   Stab: Sleeping          |     5 |     3 ||     8
 Armour: Skin              |    37 |    20 ||    57
  Dodge: Dodged            |    44 |    24 ||    68

Table legend: (Time is in decaauts)
 A = Elapsed time spent in this place.
 B = Non-inter-level travel time spent in this place.
 C = Inter-level travel time spent in this place.
 D = Time resting spent in this place.
 E = Time spent auto-exploring this place.
 F = Levels seen in this place.
 G = Mean time per level.
                   A        B        C        D        E       F      G
               +--------+--------+--------+--------+--------+-----+--------+
         Total |   1554 |   1495 |     59 |     20 |    921 |   3 |  518.0 |
       Dungeon |   1554 |   1495 |     59 |     20 |    921 |   3 |  518.0 |
               +--------+--------+--------+--------+--------+-----+--------+

Top non-repeatable levels by time:
     D:2: 728 daAuts
     D:1: 564 daAuts
     D:3: 262 daAuts
